Map: Cerulean Fall LE

Players

Serral - Winner!

  • Race: Zerg Zerg
  • Spawn Location: 7:00

Stats

  • Race: Protoss Protoss
  • Spawn Location: 1:00

Event: 2018 WCS Global Finals

VOD

Have the link to the VOD?

Description

Time

  • Played on: Nov. 3, 2018, 7:21 p.m.
  • Length: 11:34

All games in this series

Show
View Real Time Build Order
Export as new Build Order

Serral Zerg - Winner!

Build Orders: Hatch First, Roach Hydra 

Get SALT Encoding   

  12  0:00  Drone  
  13  0:12  Overlord  
  13  0:17  Drone  
  14  0:30  Drone x2  
  16  0:48  Drone  
  17  0:55  Drone  
  18  0:57  Hatchery  
  18  0:58  Drone  
  18  1:02  Extractor  
  17  1:14  Spawning Pool  
  17  1:17  Drone  
  17  1:20  Drone  
  18  1:28  Drone  
  19  1:39  Drone  
  20  1:51  Overlord  
  20  2:00  Queen  
  22  2:03  Metabolic Boost  
  22  2:08  Queen  
  22  2:09  Zergling x4  
  26  2:18  Drone  
  26  2:19  Drone  
  26  2:22  Drone  
  29  2:30  Drone  
  29  2:33  Zergling x2  
  31  2:42  Hatchery  
  30  2:48  Queen  
  32  2:53  Overlord  
  32  2:56  Drone  
  33  3:02  Zergling x2  
  33  3:03  Drone x2  
  35  3:12  Zergling x6  
  38  3:14  Spore Crawler  
  38  3:16  Drone  
  38  3:18  Drone  
  39  3:20  Drone  
  39  3:24  Drone  
  40  3:35  Drone x2  
  40  3:38  Queen  
  43  3:42  Overlord  
  43  3:44  Drone, Spore Crawler  
  43  3:45  Overlord  
  43  3:52  Spore Crawler  
  42  3:55  Drone x3  
  42  3:56  Drone  
  42  3:58  Drone  
  42  4:00  Drone  
  47  4:03  Drone  
  48  4:12  Evolution Chamber  
  48  4:15  Zergling x8  
  48  4:16  Drone x2  
  54  4:18  Spore Crawler  
  52  4:25  Drone, Queen  
  52  4:27  Drone  
  52  4:28  Drone  
  52  4:30  Drone  
  58  4:34  Drone x2  
  58  4:37  Drone  
  58  4:44  Drone x2  
  58  4:45  Drone  
  57  4:55  Roach Warren  
  57  4:56  Overlord  
  57  4:59  Overlord  
  56  5:04  Lair  
  56  5:07  Extractor  
  56  5:08  Extractor  
  56  5:10  Drone x3  
  56  5:13  Drone  
  57  5:17  Drone x4  
  61  5:22  Zergling x6  
  61  5:25  Zergling x4  
  61  5:28  Drone x2  
  68  5:31  Drone x2  
  70  5:37  Overlord  
  70  5:38  Drone  
  72  5:42  Drone  
  72  5:43  Drone  
  72  5:46  Extractor x2  
  72  5:47  Evolution Chamber  
  72  5:49  Overlord  
  70  5:54  Overlord  
  70  5:55  Overlord  
  70  5:57  Roach  
  70  6:03  Roach x3  
  78  6:05  Glial Reconstitution  
  77  6:14  Roach  
  77  6:15  Drone x4, Roach x2  
  87  6:19  Zerg Missile Weapons Level 1  
  87  6:21  Drone x2, Overlord  
  87  6:23  Overlord  
  89  6:29  Drone x4  
  89  6:31  Drone  
  89  6:32  Drone  
  93  6:40  Overseer  
  93  6:41  Drone x2  
  93  6:44  Extractor, Hydralisk Den  
  93  6:45  Drone x2  
  93  6:46  Drone, Roach  
  96  6:56  Roach x2  
  96  6:57  Roach x4  
  104  7:04  Ravager  
  104  7:07  Extractor  
  104  7:08  Drone, Overlord  
  105  7:09  Overlord  
  105  7:11  Hatchery  
  104  7:15  Muscular Augments  
  104  7:18  Overlord  
  104  7:20  Pneumatized Carapace  
  104  7:22  Overlord  
  104  7:26  Drone  
  104  7:27  Drone x4  
  104  7:28  Drone x2  
  109  7:37  Hydralisk x3  
  109  7:42  Hydralisk x2  
  119  7:47  Hydralisk x3  
  125  7:53  Roach x3  
  125  7:57  Overlord x2  
  131  8:00  Ravager x6  
  135  8:10  Roach x2  
  137  8:18  Overlord  
  137  8:19  Zergling x14  
  144  8:27  Grooved Spines  
  144  8:28  Overlord  
  144  8:29  Overlord x2, Zerg Missile Weapons Level 2  
  144  8:36  Hydralisk x4  
  144  8:37  Roach  
  154  8:47  Hydralisk x3  
  148  8:57  Hydralisk x3  
  148  8:58  Roach x2  
  158  9:05  Roach x4  
  166  9:16  Hydralisk x2, Roach x4  
  178  9:31  Drone x3  
  180  9:35  Lurker Den  
  180  9:39  Hydralisk x4  
  180  9:43  Overlord x2  
  180  9:44  Drone x4  
  177  9:46  Extractor, Hydralisk x2  
  177  9:47  Extractor, Zergling x8  
  183  9:53  Overlord  
  183  9:54  Overlord  
  183  9:56  Spine Crawler  
  182  10:09  Drone x2  
  182  10:10  Drone, Roach  
  182  10:11  Roach x3  
  182  10:12  Infestation Pit  
  189  10:16  Hatchery  
  184  10:24  Roach x7  
  181  10:35  Hydralisk  
  181  10:36  Roach x7  
  181  10:42  Hydralisk x2  
  190  10:53  Hydralisk x5  
  181  11:00  Hydralisk x2  
  166  11:08  Zergling x16  
Show
View Real Time Build Order
Export as new Build Order

Stats Protoss 

Build Orders: 1 Gate Expand, Oracle Opening, Chargelot Immortal 

Get SALT Encoding   

  12  0:00  Probe  
  13  0:12  Probe  
  14  0:18  Pylon  
  14  0:24  Probe  
  15  0:32  Probe  
  15  0:40  Probe  
  16  0:43  Gateway  
  17  0:50  Assimilator  
  17  0:51  Probe  
  18  1:03  Probe  
  19  1:15  Probe  
  20  1:25  Nexus  
  20  1:36  Cybernetics Core  
  21  1:40  Probe  
  21  1:48  Assimilator  
  21  1:52  Probe  
  22  1:56  Pylon  
  22  2:04  Probe  
  22  2:06  Adept  
  25  2:16  Probe  
  25  2:20  Stargate  
  26  2:25  Adept  
  26  2:28  Probe  
  27  2:31  Warp Gate  
  27  2:34  Probe  
  29  2:40  Probe  
  29  2:42  Probe  
  31  2:49  Adept  
  32  2:52  Probe  
  32  2:55  Probe  
  32  2:56  Oracle  
  36  3:05  Probe  
  37  3:08  Probe  
  41  3:13  Pylon  
  41  3:17  Probe  
  42  3:20  Probe  
  42  3:26  Oracle  
  43  3:29  Probe  
  43  3:32  Probe  
  48  3:37  Adept  
  48  3:41  Probe  
  47  3:43  Pylon  
  47  3:44  Probe  
  48  3:48  Gateway  
  48  3:55  Gateway  
  48  3:57  Probe x2  
  48  4:01  Phoenix  
  50  4:06  Pylon  
  50  4:09  Probe x2  
  54  4:12  Assimilator  
  54  4:14  Assimilator  
  54  4:24  Probe x2  
  54  4:27  Robotics Facility  
  56  4:37  Adept  
  55  4:46  Probe x2  
  55  4:47  Adept  
  55  4:51  Adept  
  57  4:53  Robotics Facility  
  57  5:01  Adept  
  59  5:08  Nexus  
  59  5:10  Pylon  
  59  5:12  Warp Prism  
  59  5:13  Adept x2  
  63  5:22  Probe x2  
  67  5:28  Twilight Council  
  67  5:30  Forge  
  67  5:32  Sentry  
  69  5:36  Protoss Ground Weapons Level 1  
  69  5:37  Sentry  
  69  5:39  Probe x2  
  73  5:44  Sentry  
  75  5:58  Probe x2  
  75  6:00  Pylon  
  77  6:12  Immortal  
  77  6:14  Probe  
  77  6:15  Immortal, Pylon  
  78  6:18  Probe  
  78  6:21  Charge  
  78  6:23  Pylon  
  87  6:28  Probe x2  
  87  6:30  Probe  
  89  6:45  Immortal  
  89  6:46  Gateway  
  89  6:47  Gateway  
  89  6:48  Gateway  
  89  6:49  Immortal  
  89  6:51  Gateway  
  97  7:05  Gateway  
  97  7:08  Photon Cannon  
  97  7:10  Assimilator  
  97  7:11  Assimilator  
  97  7:12  Templar Archives  
  97  7:16  Immortal  
  97  7:19  Immortal  
  97  7:25  Probe x3  
  108  7:34  Protoss Ground Weapons Level 2  
  108  7:54  Observer  
  108  7:57  Psionic Storm  
  109  7:59  Zealot x4  
  109  8:02  Pylon  
  109  8:04  Pylon  
  117  8:05  Pylon  
  117  8:07  Pylon  
  117  8:13  Pylon  
  117  8:20  Pylon  
  117  8:21  Immortal x2  
  117  8:24  High Templar x2  
  129  8:27  High Templar  
  129  8:33  Zealot x5  
  141  8:36  Pylon  
  141  8:43  Pylon  
  141  8:51  Immortal x2  
  148  9:11  High Templar x2, Shield Battery, Zealot x5  
  148  9:12  High Templar  
  164  9:19  Photon Cannon  
  163  9:34  Pylon x2  
  163  9:35  Pylon  
  163  9:36  Pylon  
  163  9:38  Pylon  
  161  9:49  Pylon  
  161  9:53  Stalker x6  
  173  10:00  Stalker  
  173  10:02  Stalker  
  171  10:18  Zealot x5  
  172  10:23  Zealot x2  
  160  10:29  Zealot  
  140  10:44  Zealot x6  
  138  10:57  Archon  
  138  10:59  Pylon  
  138  11:01  Pylon  
  130  11:15  Zealot  
  130  11:16  Zealot  
Tags
 
Add a new tag
Caveats
  • Supply blocks, unpowered buildings, or Contaminate may cause inaccurate times.
  • Supply counts are checked every 10 seconds.